 Dungeon Crawl Stone Soup version 0.27-a0-1140-g099f9bb0e8 (webtiles) character file.

Game seed: 9837770674697068133

36043 Froggeryz the Arsonist (level 13, -11/98 HPs)
             Began as a Demonspawn Fire Elementalist on May 9, 2021.
             Was an Elder of Vehumet.
             Mangled by a yak (14 damage)
             ... on level 5 of the Lair of Beasts.
             The game lasted 00:45:44 (20836 turns).

Froggeryz the Arsonist (DsFE)                      Turns: 20836, Time: 00:45:46

Health: -11/98     AC:  7    Str: 14    XL:     13   Next: 50%
Magic:  19/22      EV: 15    Int: 23    God:    Vehumet [****..]
Gold:   850        SH:  0    Dex: 12    Spells: 13/25 levels left

rFire    + + +     SeeInvis .   t - +3 long sword of Attainder {speed, rF++ Str+4 Dex-2}
rCold    x . .     Faith    .   (no shield)
rNeg     . . .     Spirit   .   a - +0 robe
rPois    .         Reflect  .   L - +1 hat {Int+3}
rElec    .         Harm     .   i - +0 cloak
rCorr    .         Rampage  .   (no gloves)
Will     +....                  (boots unavailable)
Stlth    ++........             s - amulet of the acrobat
HPRegen  0.26/turn              M - ring of fire
MPRegen  0.36/turn              J - ring of willpower

@: lethally poisoned (-11 -> -33)
A: hooves 3, icy blue scales 2, ignite blood 1, magic regeneration, corrupting
presence 1
a: Renounce Religion


You were on level 5 of the Lair of Beasts.
You worshipped Vehumet.
Vehumet was greatly pleased with you.
You visited 4 branches of the dungeon, and saw 19 of its levels.

You collected 900 gold pieces.
You spent 50 gold pieces at shops.

Inventory:

Hand Weapons
 g - a +3 dagger of venom
 t - the +3 long sword of Attainder (weapon) {speed, rF++ Str+4 Dex-2}
   (You found it on level 4 of the Dungeon)

   Attacks with this weapon are significantly faster.
   It affects your strength (+4).
   It affects your dexterity (-2).
   It greatly protects you from fire.
Missiles
 b - 57 poisoned darts (quivered)
 l - 5 boomerangs of dispersal
 K - a curare-tipped dart
Armour
 a - a +0 robe (worn)
 i - a +0 cloak (worn)
 L - a +1 hat of intelligence (worn)
Jewellery
 s - an amulet of the acrobat (around neck)
 G - a +6 ring of dexterity
 H - a ring of ice
 J - a ring of willpower (right hand)
 M - a ring of fire (left hand)
Wands
 w - a wand of polymorph (18)
 x - a wand of acid (10)
 y - a wand of iceblast (18)
 A - a wand of digging (3)
 D - a wand of charming (18)
 I - a wand of paralysis (16)
Scrolls
 d - 2 scrolls of enchant weapon
 f - 2 scrolls of holy word
 h - 2 scrolls of identify
 n - 4 scrolls of magic mapping
 r - a scroll of torment
 B - 2 scrolls of amnesia
 F - 3 scrolls of blinking
 N - a scroll of enchant armour {unknown}
 O - a scroll of summoning
Potions
 c - 2 potions of cancellation
 e - 2 potions of lignification {unknown}
 j - 3 potions of flight
 k - 2 potions of haste {unknown}
 m - 5 potions of curing
 o - 4 potions of ambrosia {unknown}
 p - a potion of attraction
 q - 4 potions of heal wounds
 u - a potion of magic {unknown}
 v - 4 potions of mutation
 z - a potion of berserk rage {unknown}
 C - 3 potions of brilliance {unknown}
 E - 2 potions of might {unknown}


   Skills:
 - Level 8.0 Fighting
 - Level 8.4 Dodging
 - Level 1.7 Stealth
 * Level 6.5 Spellcasting
 - Level 8.0 Conjurations
 - Level 6.0 Translocations
 + Level 14.1 Fire Magic


You had 13 spell levels left.
You knew the following spells:

 Your Spells              Type           Power      Damage    Failure   Level
a - Foxfire               Conj/Fire      100%       2x1d9     1%          1
b - Sticky Flame          Conj/Fire      73%        2d9       1%          4
c - Blink                 Tloc           N/A        N/A       1%          2
d - Fireball              Conj/Fire      36%        3d15      1%          5

Your spell library contained the following spells:

 Spells                   Type           Power      Damage    Failure   Level
 Iskenderun's Battlesphe  Conj           44%        2d10      2%          5
 Apportation              Tloc           70%        N/A       1%          1
 Magic Dart               Conj           100%       1d8       1%          1
 Searing Ray              Conj           88%        3d6       1%          2
 Conjure Flame            Conj/Fire      73%        6-21      1%          3
 Dazzling Flash           Conj/Hex       52%        N/A       1%          3
 Gell's Gravitas          Tloc           17%        N/A       1%          3
 Inner Flame              Hex/Fire       57%        N/A       1%          3
 Lesser Beckoning         Tloc           17%        N/A       1%          3
 Teleport Other           Tloc           35%        N/A       1%          3
 Iskenderun's Mystic Bla  Conj/Tloc      40%        2d9       1%          4
 Mephitic Cloud           Conj/Pois/Air  19%        N/A       2%          3
 Poisonous Vapours        Pois/Air       14%        N/A       3%          2
 Fulminant Prism          Conj/Hex       13%        3d9       4%          4
 Animate Skeleton         Necr           14%        N/A       9%          1
 Corona                   Hex            7%         N/A       9%          1
 Summon Small Mammal      Summ           28%        N/A       9%          1
 Call Imp                 Summ           7%         N/A       12%         2
 Ensorcelled Hibernation  Hex/Ice        14%        N/A       12%         2
 Slow                     Hex            7%         N/A       12%         2
 Manifold Assault         Tloc           35%        N/A       19%         5
 Confusing Touch          Hex            7%         N/A       24%         3
 Tukima's Dance           Hex            7%         N/A       24%         3
 Freezing Cloud           Conj/Ice/Air   9%         6-21      67%         6


Dungeon Overview and Level Annotations

Branches:
Dungeon (11/15)            Temple (1/1) D:4            Lair (6/6) D:8
  Swamp (0/4) Lair:4       Spider (1/4) Lair:3
  Slime: Lair:5-6       Orc: D:9-12

Altars:
Ashenzari
Cheibriados
Dithmenos
Elyvilon
Fedhas
Gozag
Hepliaklqana
Kikubaaqudgha
Makhleb
Nemelex Xobeh
Okawaru
Qazlal
Ru
Sif Muna
Trog
Uskayaw
Vehumet
Wu Jian
Xom
Yredelemnul
Zin
The Shining One

Shops:
D:1 =   D:3 *


Innate Abilities, Weirdness & Mutations

You have hooves in place of feet.
You are mostly covered in icy blue scales. (AC +3)
Your demonic aura sometimes causes spilled blood to erupt in flames.
You regenerate magic rapidly.
Your presence sometimes corrodes those you injure.


Message History

Okay, then.
A cane toad comes into view.
Unknown command.
Casting: Fireball (mildly dangerous; 1% risk of failure)
Confirm with . or Enter, or press ? or * to list all spells.
Aiming: Fireball (mildly dangerous; 1% risk of failure)
Press: ? - help, Shift-Dir - straight line You feel a surge of power!
The fireball explodes!
The fireball engulfs the yak!!
The yak is almost dead.
The fireball engulfs the yak!!
You kill the yak!
Vehumet accepts your kill.
You feel your power returning.
The fireball engulfs the yak!!
The yak is severely wounded.
The fireball engulfs the yak!!
You kill the yak!
Vehumet accepts your kill.
You feel your power returning.
You hear a roar!
The yak gores you!
Unknown command.
The yak closely misses you. The cane toad stings you.
You are poisoned.
The cane toad poisons you!
You feel very sick. The cane toad stings you!!
You are more poisoned.
The cane toad poisons you!
You feel extremely sick.
There is a stone staircase leading up, spattered with blood here.
You feel very sick.
The cane toad is engulfed in blazing flames.
The cane toad stings you!
* * * LOW HITPOINT WARNING * * *
The yak gores you!
* * * LOW HITPOINT WARNING * * *
The yak is engulfed in blazing flames.
The yak gores you!
You die...

.....P ...............
..#..........#.......#..
........#................
.........................
......#.....#..........#+.
(#.##............D.##....#
.................Y......♣..
.#..........P...@YY.........#
..#...##.......YFY....##.....
###............Y#Y...#..#...
###.P..#..................#
.#.P................#.....#
....P................†....#.♣
.............................
..........................#[
........##........#..........


You could see an eight-headed hydra, 7 yaks and a cane toad.

Vanquished Creatures
  Gastronok (Lair:2)
  6 hydras
  Erica (D:10)
  A two-headed ogre (D:9)
  An oklob plant (Lair:4)
  4 black mambas
  Joseph (D:8)
  6 komodo dragons
  13 cane toads
  A kobold demonologist (D:9)
  2 rime drakes
  A jumping spider (Spider:1)
  2 polar bears
  A hornet (Lair:4)
  Sigmund (D:4)
  A shadow (D:9)
  23 yaks
  6 redbacks
  3 wyverns
  5 steam dragons
  An acid dragon (D:9)
  9 water moccasins
  2 orc warriors
  An ice beast (D:5)
  A black bear (D:5)
  2 necrophages
  A hornet zombie (D:6)
  3 ogres
  15 wolves
  3 centaurs (D:10)
  2 kobold brigands
  2 scorpions
  9 bullfrogs
  A water moccasin zombie (D:2)
  A wyvern skeleton (D:6)
  6 killer bees (D:10)
  26 wights
  An electric eel (Lair:2)
  A bullfrog zombie (D:6)
  2 hounds
  3 jellies
  A centaur skeleton (D:6)
  A gnoll shaman (D:10)
  6 orc priests
  Natasha (twice) (D:4)
  14 orc wizards
  2 hound skeletons
  A howler monkey skeleton (D:7)
  12 gnolls
  6 adders
  A white imp (D:4)
  A worm (D:3)
  A dart slug (D:1)
  30 orcs
  3 ball pythons
  6 bats
  9 endoplasms
  2 giant cockroaches (D:1)
  9 goblins
  6 hobgoblins
  6 jackals (D:2)
  A quokka (D:3)
  2 frilled lizards
  17 kobolds
  A quokka skeleton (D:4)
  3 rats
  12 bushes (Lair:4)
327 creatures vanquished.

Vanquished Creatures (collateral kills)
  9 foxfires
9 creatures vanquished.

Vanquished Creatures (others)
  3 orcs
  21 bushes (Lair:4)
  693 foxfires
  24 fungi
  39 plants
780 creatures vanquished.

Grand Total: 1116 creatures vanquished

Notes
Turn   | Place    | Note
-------+----------+-------------------------------------------
     0 | D:1      | Froggeryz the Demonspawn Fire Elementalist began the quest
                  | for the Orb.
     0 | D:1      | Reached XP level 1. HP: 13/13 MP: 3/3
   160 | D:1      | Reached skill level 3 in Fire Magic
   336 | D:1      | Gained mutation: Your demonic aura sometimes causes spilled
                  | blood to erupt in flames. [demonic ancestry]
   336 | D:1      | Reached XP level 2. HP: 16/19 MP: 0/5
  1029 | D:1      | Found Recye's Jewellery Emporium.
  1865 | D:2      | Gained mutation: You have large cloven feet. [demonic
                  | ancestry]
  1865 | D:2      | Reached XP level 3. HP: 19/24 MP: 6/6
  2001 | D:2      | Reached skill level 4 in Fire Magic
  2313 | D:2      | Gained mutation: You regenerate magic rapidly. [demonic
                  | ancestry]
  2313 | D:2      | Reached XP level 4. HP: 18/30 MP: 1/7
  2437 | D:2      | Found a faded altar of an unknown god.
  2597 | D:2      | Reached skill level 5 in Fire Magic
  2715 | D:2      | Gained mutation: You are partially covered in icy blue
                  | scales. (AC +2) [demonic ancestry]
  2715 | D:2      | Reached XP level 5. HP: 31/35 MP: 3/8
  3359 | D:2      | Learned a level 4 spell: Sticky Flame
  3557 | D:3      | Gained mutation: You have hoof-like feet. [demonic
                  | ancestry]
  3557 | D:3      | Reached XP level 6. HP: 41/41 MP: 5/9
  3886 | D:3      | Found Jimys's General Store.
  3895 | D:3      | Bought a potion of heal wounds for 50 gold pieces
  4301 | D:4      | Found a staircase to the Ecumenical Temple.
  4311 | Temple   | Entered the Ecumenical Temple
  4642 | Temple   | Became a worshipper of Vehumet
  4693 | D:4      | Reached skill level 6 in Fire Magic
  4739 | D:4      | Identified the +3 long sword of Attainder {speed, rF++
                  | Str+4 Dex-2}
  5103 | D:4      | Noticed Sigmund
  5110 | D:4      | Killed Sigmund
  5111 | D:4      | Reached skill level 7 in Fire Magic
  5111 | D:4      | Gained mutation: You have hooves in place of feet. [demonic
                  | ancestry]
  5111 | D:4      | Reached XP level 7. HP: 44/46 MP: 4/10
  5195 | D:4      | Found a hide-covered altar of Uskayaw.
  5245 | D:4      | Noticed Natasha
  5251 | D:4      | Killed Natasha
  5584 | D:4      | Found a sparkling altar of Nemelex Xobeh.
  5712 | D:4      | Noticed Natasha
  5723 | D:4      | Killed Natasha
  5727 | D:4      | Learned a level 2 spell: Blink
  5864 | D:5      | Entered Level 5 of the Dungeon
  5872 | D:5      | Reached * piety under Vehumet
  5872 | D:5      | Offered knowledge of Shock by Vehumet.
  6138 | D:5      | Reached XP level 8. HP: 29/52 MP: 5/11
  6356 | D:5      | Reached skill level 8 in Fire Magic
  6500 | D:5      | Found an iron altar of Okawaru.
  6830 | D:6      | Reached skill level 5 in Conjurations
  7132 | D:6      | Reached skill level 9 in Fire Magic
  7451 | D:6      | Found a stormy altar of Qazlal.
  7832 | D:6      | Found an ornate altar of the Wu Jian Council.
  8077 | D:6      | Offered knowledge of Freeze by Vehumet.
  8080 | D:6      | Reached ** piety under Vehumet
  8081 | D:6      | Reached XP level 9. HP: 54/57 MP: 4/12
  8530 | D:7      | Reached skill level 10 in Fire Magic
  9151 | D:7      | Offered knowledge of Static Discharge by Vehumet.
  9158 | D:7      | Learned a level 5 spell: Fireball
  9911 | D:8      | Noticed Joseph
  9922 | D:8      | Killed Joseph
  9923 | D:8      | Reached skill level 11 in Fire Magic
 10295 | D:8      | Reached *** piety under Vehumet
 10474 | D:8      | Reached XP level 10. HP: 38/59 MP: 8/13
 10852 | D:8      | Found a staircase to the Lair.
 10941 | D:9      | Reached skill level 1 in Fighting
 11023 | D:9      | Noticed a two-headed ogre
 11770 | D:9      | Offered knowledge of Stone Arrow by Vehumet.
 12071 | D:9      | Noticed a smoke demon
 12074 | D:9      | Noticed a soul eater
 12420 | D:9      | Killed a two-headed ogre
 12598 | D:10     | Entered Level 10 of the Dungeon
 12640 | D:10     | Reached skill level 5 in Fighting
 12922 | D:10     | Noticed Erica
 12932 | D:10     | Killed Erica
 12933 | D:10     | Reached skill level 12 in Fire Magic
 13349 | D:10     | Found a shadowy altar of Dithmenos.
 13404 | D:10     | Found a shimmering blue altar of Sif Muna.
 13949 | D:11     | Noticed a white ugly thing
 13996 | Lair:1   | Entered Level 1 of the Lair of Beasts
 14015 | Lair:1   | Noticed a cane toad
 14020 | Lair:1   | Killed a cane toad
 14087 | Lair:1   | Reached **** piety under Vehumet
 14191 | Lair:1   | Noticed a cane toad
 14203 | Lair:1   | Killed a cane toad
 14204 | Lair:1   | Gained mutation: You are mostly covered in icy blue scales.
                  | (AC +3) [demonic ancestry]
 14204 | Lair:1   | Reached XP level 11. HP: 61/84 MP: 9/14
 14478 | Lair:1   | Gained mutation: Your presence sometimes corrodes those you
                  | injure. [demonic ancestry]
 14478 | Lair:1   | Reached XP level 12. HP: 91/91 MP: 15/15
 14698 | Lair:1   | Offered knowledge of Ignite Poison by Vehumet.
 14923 | Lair:1   | Identified the +1 scale mail of Circular Logic {+Blink rC-
                  | SInv}
 15172 | Lair:1   | Reached skill level 1 in Translocations
 15530 | Lair:1   | Noticed a four-headed hydra
 15550 | Lair:1   | Killed a four-headed hydra
 16061 | Lair:2   | Noticed an eight-headed hydra
 16353 | Lair:2   | Reached skill level 13 in Fire Magic
 16405 | Lair:2   | Identified the +0 ring mail of the Mantidfly {rF- Str+4}
 16426 | Lair:2   | Killed an eight-headed hydra
 17040 | Lair:2   | Noticed Gastronok
 17184 | Lair:2   | Killed Gastronok
 17185 | Lair:2   | Reached skill level 5 in Translocations
 17679 | Lair:3   | Noticed a five-headed hydra
 17701 | Lair:3   | Killed a five-headed hydra
 18182 | Lair:3   | Reached XP level 13. HP: 98/98 MP: 7/16
 18483 | Lair:3   | Reached ***** piety under Vehumet
 18718 | Lair:3   | Offered knowledge of Iskenderun's Battlesphere by Vehumet.
 18978 | Lair:3   | Found a hole to the Spider Nest.
 19218 | Spider:1 | Entered Level 1 of the Spider Nest
 19315 | Lair:4   | Found a staircase to the Swamp.
 19546 | Lair:4   | Reached skill level 5 in Spellcasting
 19885 | Lair:4   | Reached skill level 14 in Fire Magic
 20678 | Lair:5   | You fall into a shaft and drop 1 floor!
 20678 | Lair:6   | Entered Level 6 of the Lair of Beasts
 20836 | Lair:5   | HP: 3/98 [yak (13)]
 20836 | Lair:5   | Mangled by a yak

Illustrated notes

Levels and vault maps discovered:
D:1:      saegor_arrival_simple_d, layout_basic, serial_shops,
          nicolae_shop_stone
D:2:      layout_basic, basic_altar, ebering_ecumenical_altar_hall,
          serial_bayou_pond_c
D:3:      layout_basic, serial_shops, shop_statue, corexii_shack,
          eino_tiny_chamber
D:4:      layout_layer_cave, nicolae_uskayaw_suspiria,
          nemelex_dance_club_becter, minmay_temple_entry_tees, uniq_sigmund,
          uniq_natasha
D:5:      layout_loops_ring, okawaru_trees_1
D:6:      layout_gridville, nicolae_overflow_crystal_walls,
          lemuel_coloured_pillars_altar
D:7:      layout_rooms
D:8:      layout_rooms, lemuel_crystal_altar, lair_entry_dummy,
          minmay_misc_feat_diagonals, uniq_joseph
D:9:      layout_small_grid, tso_metal_star
D:10:     layout_gridville, overflow_temple_1_default, kennysheep_mini_moat,
          item_on_display_a, uniq_erica
D:11:     hangedman_cross_cluster, layout_rooms, gauntlet_entry_generic,
          uniq_urug
Temple:   oiseaux_autumnal_temple
Lair:1:   layout_roguey, grunt_forest_small_clearings, minmay_shattered_shrine,
          grunt_megastairs_5, infiniplex_staircase_pool_2
Lair:2:   layout_regular_city, serial_bayou_shore_a, grunt_megastairs_2,
          uniq_gastronok
Lair:3:   layout_roguey, spider_nest_entry_a
Lair:4:   layout_cave_pods, swamp_mist_pool, minivault_27,
          minmay_lair_oklob_items, minmay_hedge_maze
Lair:5:   layout_layer_cave, minmay_slime_entry_jelly_boxes, grunt_megastairs_4
Lair:6:   minmay_lair_end_enchanted_forest, layout_gridlike,
          chequers_serial_rivers_micro_c, ldierk_geyser
Spider:1: layout_spider_delve

Skill      XL: |  1  2  3  4  5  6  7  8  9 10 11 12 13 |
---------------+----------------------------------------+-----
Fire Magic     | 3 4 5 7 9 11 12 13 14 | 14.1
Conjurations   | 2 3 4 6 7 8 |  8.0
Fighting       | 7 8 |  8.0
Dodging        | 8 |  8.4
Translocations | 6 |  6.0
Spellcasting   | 6 |  6.5
Stealth        | |  1.7

Action                   |  1- 3 |  4- 6 |  7- 9 | 10-12 | 13-15 || total
-------------------------+-------+-------+-------+-------+-------++-------
Melee: Unarmed           |    27 |       |       |       |       ||    27
       Dagger            |    27 |    57 |       |       |       ||    84
       Kick              |     2 |    10 |    26 |    20 |    19 ||    77
       Long sword        |       |     8 |   106 |    70 |    41 ||   225
 Cast: Foxfire           |    51 |    71 |   141 |   127 |    31 ||   421
       Sticky Flame      |       |       |    25 |    55 |    23 ||   103
       Fireball          |       |       |       |    33 |    31 ||    64
  Use: Scroll            |       |     5 |       |    13 |       ||    18
       Potion            |       |       |       |     1 |       ||     1
 Stab: Sleeping          |     2 |     3 |     6 |       |       ||    11
       Distracted        |       |     1 |       |       |       ||     1
Armor: Robe              |    12 |    21 |    26 |    20 |    11 ||    90
Dodge: Dodged            |    61 |    54 |   109 |   124 |    61 ||   409
       Rpst.: Long sword |       |     1 |    30 |    24 |    26 ||    81

Table legend: (Time is in decaauts)
 A = Elapsed time spent in this place.
 B = Non-inter-level travel time spent in this place.
 C = Inter-level travel time spent in this place.
 D = Time resting spent in this place.
 E = Time spent auto-exploring this place.
 F = Levels seen in this place.
 G = Mean time per level.
                   A        B        C        D        E       F      G
               +--------+--------+--------+--------+--------+-----+--------+
         Total |  20892 |  19952 |    940 |   4175 |  12972 |  19 | 1099.6 |
       Dungeon |  13672 |  12994 |    678 |   2744 |   8435 |  11 | 1242.9 |
        Temple |    367 |    298 |     69 |      0 |    295 |   1 |  367.0 |
          Lair |   6847 |   6654 |    193 |   1431 |   4242 |   6 | 1141.2 |
   Spider Nest |      5 |      5 |      0 |      0 |      0 |   1 |    5.0 |
               +--------+--------+--------+--------+--------+-----+--------+

Top non-repeatable levels by time:
  Lair:1: 2288 daAuts
     D:6: 2046 daAuts
     D:8: 1807 daAuts
     D:1: 1788 daAuts
  Lair:2: 1540 daAuts
  Lair:3: 1445 daAuts
     D:2: 1416 daAuts
  Lair:4: 1405 daAuts
    D:10: 1371 daAuts
     D:4: 1312 daAuts
     D:9: 1083 daAuts
     D:3: 1012 daAuts
     D:5: 991 daAuts
     D:7: 839 daAuts
  Temple: 367 daAuts
